 Dungeon Sprint DCSS version 0.16.1-28-gcc2312f (webtiles) character file.

21 Kidiri the Magician (level 2, -16/15 HPs)
             Began as a Deep Elf Fire Elementalist on May 28, 2015.
             Was an Initiate of Sif Muna.
             Demolished by an ogre
             ... wielding a +0 giant spiked club
              (31 damage)
             ... in the Dungeon (Sprint VII: "The Pits").
             The game lasted 00:02:01 (245 turns).

Kidiri the Magician (Deep Elf Fire Elementalist)     Turns: 245, Time: 00:02:01

Health: -16/15     AC:  2    Str:  5    XL:     2   Next: 65%
Magic:  4/9        EV: 13    Int: 19    God:    Sif Muna [......]
Gold:   0          SH:  0    Dex: 15    Spells: 2 memorised, 6 levels left

rFire  . . .     SeeInvis .     j - +2 quarterstaff (drain)
rCold  . . .     Clarity  .     a - +0 robe
rNeg   . . .     SustAb   .     (no shield)
rPois  .         Gourm    .     (no helmet)
rElec  .         Spirit   .     (no cloak)
rCorr  .         Warding  .     (no gloves)
rMut   .         NoTele   +     (no boots)
MR     .....                    (no amulet)
Stlth  ++........               (no ring)
                                (no ring)

@: hasted, very quick, not resistant to hostile enchantments, unstealthy
A: no striking features
a: Renounce Religion


You were in the Dungeon.
You worshipped Sif Muna.
Sif Muna was noncommittal.
You were not hungry.

You visited 1 branch

Inventory:

Hand weapons
 j - a +2 quarterstaff of draining (weapon)
Armour
 a - a +0 robe (worn)
Scrolls
 i - a scroll of blinking
 n - 3 scrolls of remove curse
 o - 5 scrolls of amnesia
 p - a scroll of summoning
Potions
 g - 4 potions of magic
 h - 3 potions of berserk rage
 m - 2 potions of invisibility
Books
 b - a book of Flames

   Spells                             Type                      Level
   a - Flame Tongue                   Conjuration/Fire             1
   b - Throw Flame                    Conjuration/Fire             2
   c - Conjure Flame                  Conjuration/Fire             3
   d - Inner Flame                    Hexes/Fire                   3
   e - Sticky Flame                   Conjuration/Fire             4
   f - Fireball                       Conjuration/Fire             5
Comestibles
 c - 8 bread rations
 k - 40 fruits
 l - 7 meat rations


   Skills:
 + Level 1.0 Staves
 + Level 3.2 Dodging
 + Level 3.4 Stealth
 * Level 4.4 Spellcasting
 * Level 2.8 Conjurations
 * Level 4.4 Fire Magic


You had 6 spell levels left.
You knew the following spells:

 Your Spells              Type           Power        Failure   Level  Hunger
a - Flame Tongue          Conj/Fire      ###..        3%          1    None
b - Throw Flame           Conj/Fire      ###...       6%          2    #......


Dungeon Overview and Level Annotations

Branches:
Dungeon (1/1)

Altars:
Ashenzari
Cheibriados
Dithmenos
Elyvilon
Fedhas
Gozag
Kikubaaqudgha
Makhleb
Nemelex Xobeh
Okawaru
Qazlal
Ru
Sif Muna
Trog
Vehumet
Xom
Yredelemnul
Zin
The Shining One
Beogh
Jiyva
Lugonu


Message History

Drink which item? (? for menu, Esc to quit)
You feel better.
You barely miss the ogre.
The ogre is moderately wounded.
The ogre hits you with a giant spiked club!
Ouch! That really hurt!
* * * LOW HITPOINT WARNING * * *
Drink which item? (? for menu, Esc to quit)
You feel much better. The ogre closely misses you.
You see here a giant newt corpse.
There is an open door here.
There is an open door here.
Things that are here:
a dagger; a goblin corpse
There is an open door to the Storerooms (Easy) here.
Drink which item? (? for menu, Esc to quit)
You feel yourself speed up.
The ogre hits you with a giant spiked club!!
Ouch! That really hurt!
You die...

############ #__________#
#__________#
#.#####'##############+
#_#).)'.'..##...........
#_#)))#.#?(##......#..#.
#######'#####...........
#..........O@............
#+#####)#####......#..#..
#.....##............
#####'#####'#####++#
#..)†.##.......#
#.....##.......#
###'####.......#
#.....##...<...#
........##.......#


You could see an ogre.

Vanquished Creatures
  3 giant eyeballs (D)
  2 goblins (D)
  A bat (D)
  2 giant newts (D)
8 creatures vanquished.

Notes
Turn   | Place    | Note
--------------------------------------------------------------
     0 | D        | Kidiri, the Deep Elf Fire Elementalist, began the quest for the Orb.
     0 | D        | Reached XP level 1. HP: 10/10 MP: 5/5
    24 | D        | Found a sacrificial altar of Ru.
    24 | D        | Found a basalt altar of Yredelemnul.
    24 | D        | Found a shadowy altar of Dithmenos.
    24 | D        | Found a deep blue altar of Sif Muna.
    24 | D        | Found a burning altar of Makhleb.
    24 | D        | Found a shimmering altar of Xom.
    24 | D        | Found an ancient bone altar of Kikubaaqudgha.
    24 | D        | Found a sparkling altar of Nemelex Xobeh.
    25 | D        | Found a glowing golden altar of the Shining One.
    25 | D        | Found a bloodstained altar of Trog.
    25 | D        | Found a shattered altar of Ashenzari.
    25 | D        | Found a white marble altar of Elyvilon.
    25 | D        | Found a snail-covered altar of Cheibriados.
    25 | D        | Found a blossoming altar of Fedhas.
    25 | D        | Found a radiant altar of Vehumet.
    25 | D        | Found a glowing silver altar of Zin.
    25 | D        | Found a corrupted altar of Lugonu.
    25 | D        | Found a viscous altar of Jiyva.
    25 | D        | Found a roughly hewn altar of Beogh.
    25 | D        | Found an iron altar of Okawaru.
    28 | D        | Became a worshipper of Sif Muna the Loreminder
    59 | D        | Found a stormy altar of Qazlal.
    60 | D        | Found an opulent altar of Gozag.
    82 | D        | Reached skill level 4 in Spellcasting
    82 | D        | Reached XP level 2. HP: 9/15 MP: 0/9
    86 | D        | Learned a level 2 spell: Throw Flame
   227 | D        | Noticed an ogre
   229 | D        | Reached skill level 1 in Staves
   245 | D        | Demolished by an ogre

Action                   || total
-------------------------++-------
Melee: Quarterstaff      ||     3
 Cast: Flame Tongue      ||    13
       Throw Flame       ||     1
  Use: Potion            ||     3
